[ AOE2 MATCH · #458228209 ]
UnrankedBohemians vs Vietnamese
[ REPLAY ANALYSIS · EXTRACTED FROM THE RECORDED GAME ]
Feudal
5:25
Castle
10:51
Imperial
17:14
| APM avg | 18.1 |
| APM peak | 54 |
| eAPM avg | 11.6 |
| Villagers / military | 49 / 261 |
Focus
⚔️ 34.1% · 🌾 65.9%
Hussite Wagon ×230 · Trade Cart ×104 · Bombard Cannon ×25 · Mangonel ×5 · Monk ×1
Feudal
5:00
Castle
11:48
Imperial
18:36
| APM avg | 10.0 |
| APM peak | 33 |
| eAPM avg | 7.2 |
| Villagers / military | 53 / 203 |
Focus
⚔️ 35.1% · 🌾 64.9%
Janissary ×96 · Bombard Cannon ×87 · Trade Cart ×34 · Hand Cannoneer ×20
Feudal
—
Castle
—
Imperial
—
| APM avg | 1419.7 |
| APM peak | 4667 |
| eAPM avg | 1419.5 |
| Villagers / military | 0 / 348 |
Focus
⚔️ 67.7% · 🌾 32.3%
Genoese Crossbowman ×141 · Spearman ×101 · Scout Cavalry ×76 · Trebuchet (Packed) ×17 · Battering Ram ×7 · Monk ×6
Feudal
—
Castle
—
Imperial
—
| APM avg | 1152.7 |
| APM peak | 2363 |
| eAPM avg | 1152.3 |
| Villagers / military | 0 / 443 |
Focus
⚔️ 65.0% · 🌾 35.0%
Woad Raider ×160 · Spearman ×157 · Scout Cavalry ×104 · Mangonel ×12 · Trebuchet (Packed) ×6 · Battering Ram ×3
Feudal
—
Castle
—
Imperial
—
| APM avg | 1280.9 |
| APM peak | 9315 |
| eAPM avg | 1278.3 |
| Villagers / military | 0 / 462 |
Focus
⚔️ 75.4% · 🌾 24.6%
Rattan Archer ×102 · Scout Cavalry ×91 · Battle Elephant ×67 · Elite Battle Elephant ×66 · Archer ×36 · Mangonel ×29
Feudal
—
Castle
—
Imperial
—
| APM avg | 1097.9 |
| APM peak | 4268 |
| eAPM avg | 1096.3 |
| Villagers / military | 0 / 330 |
Focus
⚔️ 77.5% · 🌾 22.5%
Militia ×100 · Scout Cavalry ×77 · Spearman ×60 · Mangonel ×33 · Skirmisher ×24 · Battering Ram ×17
Feudal
—
Castle
—
Imperial
—
| APM avg | 1462.3 |
| APM peak | 7765 |
| eAPM avg | 1461.4 |
| Villagers / military | 0 / 261 |
Focus
⚔️ 86.3% · 🌾 13.7%
Scout Cavalry ×93 · Obuch ×53 · Spearman ×43 · Archer ×29 · Bombard Cannon ×16 · Mangonel ×12
Feudal
—
Castle
—
Imperial
—
| APM avg | 947.9 |
| APM peak | 3418 |
| eAPM avg | 946.4 |
| Villagers / military | 0 / 240 |
Focus
⚔️ 77.6% · 🌾 22.4%
Unknown (1968) ×93 · Militia ×89 · Spearman ×64 · Scout Cavalry ×37 · Archer ×21 · Mangonel ×16
Match map
Initial resources + every placement click. Lines = walls · curves = elevation contours. ◆ gold · ⬟ stone · ● berries · ✦ relic · ◌ wall gap
Your base· ✓ Map-separated
一枚小渣渣's base· ✓ Map-separated
's base· ✓ Map-separated
's base· ✓ Map-separated
's base· ✓ Map-separated
's base· ✓ Map-separated
's base· ✓ Map-separated
's base· ✓ Map-separated
Smoothed initial terrain · ◌ = detected wall gap · hover for details
Inputs per minute
— 大UU - - 一枚小渣渣
Build order — 大UU
First 150 of 281 actions detected
| 0:13 | Build | Lumber Camp |
| 0:22 | Create | Villager (Male) |
| 0:22 | Create | Villager (Male) |
| 1:16 | Create | Villager (Male) |
| 1:16 | Create | Villager (Male) |
| 2:03 | Build | Mill |
| 2:12 | Build | House |
| 2:33 | Create | Villager (Male) |
| 3:11 | Create | Villager (Male) |
| 3:13 | Research | Feudal Age |
| 4:41 | Build | Mining Camp |
| 5:25 | Age | Feudal Age |
| 5:51 | Create | Villager (Male) |
| 5:51 | Create | Villager (Male) |
| 6:07 | Create | Villager (Male) |
| 6:20 | Build | Blacksmith |
| 6:36 | Build | Market |
| 7:08 | Create | Villager (Male) |
| 7:09 | Create | Villager (Male) |
| 7:24 | Build | Market |
| 8:06 | Research | Loom |
| 8:11 | Research | Castle Age |
| 8:16 | Research | Double-Bit Axe |
| 8:24 | Research | Gold Mining |
| 8:26 | Research | Stone Mining |
| 9:07 | Create | Villager (Male) |
| 9:08 | Create | Villager (Male) |
| 10:03 | Build | House |
| 10:04 | Build | House |
| 10:05 | Build | House |
| 10:06 | Build | House |
| 10:07 | Build | House |
| 10:07 | Build | House |
| 10:07 | Build | House |
| 10:08 | Build | House |
| 10:08 | Build | House |
| 10:09 | Build | House |
| 10:11 | Build | House |
| 10:11 | Build | House |
| 10:11 | Build | House |
| 10:12 | Build | House |
| 10:12 | Build | House |
| 10:12 | Build | House |
| 10:13 | Build | House |
| 10:15 | Build | House |
| 10:15 | Build | House |
| 10:15 | Build | House |
| 10:16 | Build | House |
| 10:16 | Build | House |
| 10:16 | Build | House |
| 10:36 | Create | Trade Cart |
| 10:36 | Create | Trade Cart |
| 10:51 | Age | Castle Age |
| 11:00 | Build | Town Center |
| 11:05 | Create | Villager (Male) |
| 11:05 | Create | Villager (Male) |
| 11:23 | Build | Mining Camp |
| 12:05 | Build | University |
| 12:10 | Build | Monastery |
| 12:21 | Create | Villager (Male) |
| 12:21 | Create | Villager (Male) |
| 12:49 | Create | Villager (Male) |
| 12:50 | Create | Villager (Male) |
| 12:56 | Build | Town Center |
| 13:03 | Research | Bow Saw |
| 13:10 | Create | Villager (Male) |
| 13:10 | Create | Villager (Male) |
| 13:52 | Research | Caravan |
| 13:55 | Create | Trade Cart |
| 13:55 | Create | Trade Cart |
| 14:04 | Research | Imperial Age |
| 15:54 | Create | Villager (Male) ×5 |
| 16:20 | Build | Siege Workshop |
| 16:24 | Build | Siege Workshop |
| 16:32 | Create | Trade Cart ×5 |
| 16:33 | Create | Trade Cart ×5 |
| 16:46 | Create | Trade Cart ×5 |
| 16:59 | Create | Villager (Male) |
| 16:59 | Create | Villager (Male) |
| 17:04 | Create | Villager (Male) |
| 17:05 | Create | Villager (Male) |
| 17:14 | Age | Imperial Age |
| 17:19 | Research | Treadmill Crane |
| 17:21 | Research | Chemistry |
| 17:22 | Research | Ballistics |
| 17:24 | Research | Masonry |
| 17:27 | Research | Siege Engineers |
| 17:28 | Research | Murder Holes |
| 17:29 | Research | Fortified Wall (upgrade) |
| 17:29 | Research | Guard Tower (upgrade) |
| 17:30 | Research | Arrowslits |
| 17:53 | Build | Castle |
| 18:06 | Research | Fervor |
| 18:08 | Research | Sanctity |
| 18:18 | Build | Barracks |
| 18:52 | Build | House |
| 18:52 | Build | House |
| 18:52 | Build | House |
| 18:53 | Build | House |
| 18:53 | Build | House |
| 18:56 | Build | House |
| 18:56 | Build | House |
| 18:56 | Build | House |
| 18:57 | Build | House |
| 18:57 | Build | House |
| 18:57 | Build | House |
| 18:57 | Build | House |
| 19:00 | Build | House |
| 19:00 | Build | House |
| 19:01 | Build | House |
| 19:01 | Build | House |
| 19:01 | Build | House |
| 19:02 | Build | House |
| 19:19 | Build | Siege Workshop |
| 19:21 | Build | Siege Workshop |
| 19:29 | Research | Fletching |
| 20:10 | Create | Trade Cart ×5 |
| 20:11 | Create | Trade Cart ×5 |
| 20:22 | Create | Monk |
| 20:28 | Build | Mining Camp |
| 20:32 | Research | Stone Shaft Mining |
| 20:34 | Research | Gold Shaft Mining |
| 20:45 | Build | Stone Wall |
| 20:49 | Build | Stone Wall |
| 20:51 | Build | Stone Wall |
| 20:59 | Build | Stone Wall |
| 21:06 | Build | Stone Wall |
| 21:11 | Research | Devotion |
| 21:18 | Research | Bombard Tower (upgrade) |
| 21:20 | Research | Architecture |
| 21:30 | Research | Bodkin Arrow |
| 21:38 | Research | Conscription |
| 21:43 | Research | Wagenburg Tactics |
| 22:00 | Create | Villager (Male) ×5 |
| 22:03 | Create | Villager (Male) ×5 |
| 22:05 | Create | Trade Cart ×5 |
| 22:29 | Research | Elite Hussite Wagon (upgrade) |
| 22:54 | Build | Town Center |
| 23:03 | Create | Villager (Male) |
| 23:04 | Create | Villager (Male) |
| 23:12 | Build | Lumber Camp |
| 23:16 | Create | Villager (Male) |
| 23:17 | Create | Villager (Male) |
| 23:41 | Build | Mining Camp |
| 23:57 | Build | Stone Wall |
| 24:02 | Build | Stone Wall |
| 24:07 | Build | Stone Wall |
| 24:11 | Build | Stone Wall |
| 24:15 | Build | Stone Wall |
| 24:26 | Build | Stone Wall |
Build order — 一枚小渣渣
First 150 of 256 actions detected
| 0:05 | Create | Villager (Male) ×4 |
| 0:12 | Build | House |
| 0:13 | Build | House |
| 0:26 | Build | Mill |
| 1:32 | Build | Lumber Camp |
| 2:25 | Create | Villager (Male) |
| 2:42 | Research | Feudal Age |
| 3:15 | Build | Mining Camp |
| 3:54 | Create | Villager (Male) |
| 4:32 | Create | Villager (Male) |
| 5:00 | Age | Feudal Age |
| 5:10 | Create | Villager (Male) |
| 5:10 | Create | Villager (Male) |
| 5:10 | Create | Villager (Male) |
| 5:22 | Build | Lumber Camp |
| 5:38 | Build | Blacksmith |
| 5:41 | Build | Market |
| 5:55 | Research | Double-Bit Axe |
| 6:01 | Research | Stone Mining |
| 6:54 | Create | Villager (Male) |
| 7:44 | Create | Villager (Male) |
| 8:13 | Create | Villager (Male) |
| 8:25 | Build | House |
| 8:28 | Build | House |
| 8:29 | Build | House |
| 8:43 | Create | Villager (Male) |
| 8:53 | Build | Market |
| 8:58 | Research | Castle Age |
| 9:21 | Build | House |
| 9:22 | Build | House |
| 9:23 | Build | House |
| 9:24 | Build | House |
| 9:25 | Build | House |
| 9:27 | Build | House |
| 9:29 | Build | House |
| 9:30 | Build | House |
| 9:32 | Build | House |
| 9:33 | Build | House |
| 10:58 | Research | Forging |
| 11:09 | Research | Gold Mining |
| 11:48 | Age | Castle Age |
| 11:55 | Build | Castle |
| 12:06 | Research | Gold Shaft Mining |
| 12:16 | Create | Villager (Male) |
| 12:17 | Create | Villager (Male) |
| 12:49 | Research | Scale Mail Armor |
| 12:56 | Research | Padded Archer Armor |
| 13:06 | Research | Wheelbarrow |
| 13:13 | Build | Farm |
| 13:17 | Research | Bow Saw |
| 14:17 | Build | Barracks |
| 14:37 | Research | Horse Collar |
| 15:08 | Build | University |
| 15:26 | Research | Imperial Age |
| 15:33 | Build | Archery Range |
| 16:38 | Build | Siege Workshop |
| 16:54 | Research | Ballistics |
| 16:56 | Research | Chemistry |
| 17:00 | Research | Masonry |
| 17:09 | Build | University |
| 17:12 | Build | University |
| 17:21 | Create | Villager (Male) ×5 |
| 17:27 | Build | Town Center |
| 17:42 | Build | Farm |
| 18:10 | Research | Murder Holes |
| 18:36 | Age | Imperial Age |
| 18:44 | Build | Farm |
| 18:45 | Build | Farm |
| 18:46 | Build | Farm |
| 18:49 | Build | Farm |
| 18:50 | Build | Farm |
| 18:52 | Build | Farm |
| 18:53 | Build | Farm |
| 19:11 | Build | Town Center |
| 19:15 | Research | Heavy Plow |
| 19:55 | Create | Villager (Male) ×5 |
| 20:35 | Build | Farm |
| 20:40 | Build | Farm |
| 20:45 | Build | Farm |
| 20:49 | Build | Farm |
| 20:54 | Build | Farm |
| 20:56 | Research | Two-Man Saw |
| 21:11 | Research | Artillery |
| 21:26 | Research | Arrowslits |
| 21:29 | Research | Architecture |
| 21:33 | Research | Tech 909 |
| 21:38 | Research | Bombard Tower (upgrade) |
| 21:54 | Create | Bombard Cannon |
| 22:16 | Create | Bombard Cannon |
| 22:18 | Create | Bombard Cannon |
| 22:20 | Create | Bombard Cannon |
| 22:30 | Create | Janissary ×2 |
| 22:41 | Research | Hand Cart |
| 22:56 | Research | Treadmill Crane |
| 22:59 | Create | Villager (Male) ×5 |
| 23:13 | Research | Conscription |
| 23:39 | Research | Guard Tower (upgrade) |
| 24:02 | Build | Farm |
| 24:03 | Build | Farm |
| 24:11 | Create | Villager (Male) ×4 |
| 24:20 | Build | Farm |
| 24:39 | Create | Bombard Cannon ×4 |
| 24:46 | Create | Janissary ×4 |
| 24:53 | Build | Farm |
| 25:13 | Build | Farm |
| 25:21 | Create | Villager (Male) ×5 |
| 25:22 | Research | Town Watch |
| 25:57 | Build | Farm |
| 26:18 | Build | Mining Camp |
| 26:22 | Research | Two-Man Saw |
| 26:33 | Create | Villager (Male) ×3 |
| 26:44 | Build | Farm |
| 26:45 | Build | Farm |
| 27:07 | Build | Farm |
| 27:16 | Create | Hand Cannoneer ×5 |
| 27:17 | Create | Hand Cannoneer ×5 |
| 27:17 | Create | Hand Cannoneer ×5 |
| 27:17 | Create | Hand Cannoneer ×5 |
| 27:29 | Build | Archery Range |
| 27:30 | Build | Archery Range |
| 27:32 | Build | Archery Range |
| 27:33 | Build | Archery Range |
| 27:41 | Create | Villager (Male) ×5 |
| 27:47 | Research | Caravan |
| 27:50 | Create | Trade Cart ×5 |
| 27:50 | Create | Trade Cart ×5 |
| 27:51 | Create | Trade Cart ×5 |
| 27:51 | Create | Trade Cart ×5 |
| 27:51 | Create | Trade Cart ×5 |
| 27:51 | Create | Trade Cart ×5 |
| 27:51 | Create | Trade Cart ×4 |
| 28:13 | Create | Bombard Cannon ×5 |
| 28:13 | Create | Bombard Cannon ×5 |
| 28:13 | Create | Bombard Cannon ×5 |
| 28:14 | Create | Bombard Cannon ×5 |
| 28:26 | Build | House |
| 28:27 | Build | House |
| 28:28 | Build | House |
| 28:29 | Build | House |
| 28:30 | Build | House |
| 28:31 | Build | House |
| 28:33 | Build | House |
| 28:33 | Build | House |
| 28:34 | Build | House |
| 28:35 | Build | House |
| 28:49 | Build | Farm |
| 28:50 | Build | Farm |
| 29:13 | Build | Farm |
| 29:25 | Research | Elite Janissary (upgrade) |
| 29:38 | Research | Iron Casting |
Build order —
First 150 of 722 actions detected
| 0:41 | Build | Lumber Camp |
| 1:17 | Build | House |
| 2:00 | Build | Mill |
| 2:01 | Build | Lumber Camp |
| 3:22 | Build | House |
| 4:35 | Build | Farm |
| 4:52 | Build | Mining Camp |
| 5:27 | Build | House |
| 5:32 | Build | Barracks |
| 6:40 | Research | Tech None |
| 7:18 | Build | Barracks |
| 7:19 | Build | House |
| 7:20 | Build | Farm |
| 7:20 | Build | House |
| 7:21 | Build | Farm |
| 7:21 | Build | Farm |
| 7:22 | Build | Farm |
| 7:23 | Build | Farm |
| 7:24 | Build | Farm |
| 8:49 | Build | Barracks |
| 8:52 | Build | Market |
| 8:53 | Research | Tech None |
| 8:53 | Build | Blacksmith |
| 8:54 | Research | Tech None |
| 8:54 | Build | Archery Range |
| 8:55 | Research | Tech None |
| 9:42 | Research | Tech None |
| 10:15 | Build | House |
| 10:15 | Build | House |
| 11:20 | Build | House |
| 11:21 | Build | House |
| 12:23 | Research | Tech None |
| 12:53 | Build | Town Center |
| 13:06 | Build | Town Center |
| 13:15 | Build | Town Center |
| 13:26 | Build | Town Center |
| 13:39 | Build | Town Center |
| 14:04 | Research | Tech None |
| 14:04 | Research | Tech None |
| 14:24 | Research | Tech None |
| 14:24 | Build | Town Center |
| 14:31 | Build | Lumber Camp |
| 14:32 | Build | House |
| 15:05 | Build | Town Center |
| 15:18 | Build | Town Center |
| 15:33 | Build | Town Center |
| 15:47 | Build | Town Center |
| 16:00 | Build | Town Center |
| 16:13 | Build | Town Center |
| 16:20 | Build | Lumber Camp |
| 16:20 | Build | House |
| 16:52 | Build | Town Center |
| 16:58 | Build | House |
| 17:05 | Build | Market |
| 17:13 | Build | Town Center |
| 17:24 | Research | Tech None |
| 17:25 | Build | House |
| 17:29 | Build | Farm |
| 17:33 | Build | Farm |
| 17:38 | Build | House |
| 17:41 | Build | Farm |
| 17:41 | Build | Farm |
| 17:42 | Build | Farm |
| 17:42 | Build | Farm |
| 17:48 | Build | Farm |
| 17:52 | Build | Farm |
| 17:57 | Build | Farm |
| 17:57 | Build | Farm |
| 17:58 | Build | House |
| 18:09 | Build | Farm |
| 18:15 | Build | House |
| 18:15 | Build | House |
| 18:19 | Build | Farm |
| 18:25 | Build | Farm |
| 18:30 | Build | Farm |
| 18:31 | Build | House |
| 18:36 | Build | Farm |
| 18:41 | Build | Farm |
| 18:45 | Build | House |
| 18:58 | Build | Farm |
| 19:05 | Build | Farm |
| 19:06 | Build | Farm |
| 19:10 | Build | Farm |
| 19:13 | Research | Tech None |
| 19:15 | Build | Farm |
| 19:57 | Build | House |
| 19:58 | Build | House |
| 20:08 | Build | Monastery |
| 20:25 | Build | House |
| 20:26 | Build | Lumber Camp |
| 20:28 | Build | House |
| 20:55 | Build | House |
| 20:59 | Build | Farm |
| 20:59 | Build | House |
| 21:17 | Build | Farm |
| 21:18 | Build | Farm |
| 21:21 | Build | Farm |
| 21:25 | Build | Farm |
| 21:26 | Build | House |
| 21:27 | Build | House |
| 21:30 | Build | Farm |
| 21:30 | Build | Farm |
| 21:31 | Build | Lumber Camp |
| 21:42 | Build | Town Center |
| 21:46 | Build | Town Center |
| 21:48 | Build | Town Center |
| 21:52 | Build | Town Center |
| 21:58 | Build | Town Center |
| 22:01 | Build | Town Center |
| 22:07 | Build | Town Center |
| 22:10 | Build | Town Center |
| 22:14 | Build | Town Center |
| 22:18 | Build | Town Center |
| 22:23 | Build | Town Center |
| 22:24 | Build | Town Center |
| 22:25 | Build | House |
| 22:26 | Build | House |
| 22:26 | Build | House |
| 22:43 | Build | Monastery |
| 22:51 | Build | Siege Workshop |
| 22:55 | Build | House |
| 22:56 | Build | House |
| 22:57 | Build | Farm |
| 23:07 | Build | Farm |
| 23:16 | Build | Lumber Camp |
| 23:16 | Build | Lumber Camp |
| 23:17 | Build | Lumber Camp |
| 23:17 | Build | Lumber Camp |
| 23:23 | Build | House |
| 23:23 | Build | House |
| 23:24 | Build | House |
| 23:29 | Build | Farm |
| 23:29 | Build | Farm |
| 23:30 | Build | Stable |
| 23:31 | Build | Stable |
| 23:31 | Build | Stable |
| 23:33 | Build | Mining Camp |
| 23:33 | Build | Mining Camp |
| 23:33 | Build | Farm |
| 23:36 | Build | Farm |
| 23:36 | Build | Mining Camp |
| 23:36 | Build | Mining Camp |
| 23:40 | Build | Mining Camp |
| 23:42 | Build | Barracks |
| 23:47 | Research | Tech None |
| 23:47 | Build | House |
| 23:47 | Research | Tech None |
| 23:48 | Research | Tech None |
| 23:49 | Research | Tech None |
| 23:54 | Build | Farm |
Build order —
First 150 of 851 actions detected
| 0:41 | Build | Lumber Camp |
| 0:43 | Build | Lumber Camp |
| 1:17 | Build | House |
| 2:00 | Build | Mill |
| 2:01 | Build | Lumber Camp |
| 3:22 | Build | House |
| 4:13 | Build | Farm |
| 4:58 | Build | Mining Camp |
| 4:59 | Build | Farm |
| 5:27 | Build | House |
| 6:27 | Build | Farm |
| 6:28 | Build | Farm |
| 6:40 | Research | Tech None |
| 6:40 | Build | Barracks |
| 8:35 | Build | Barracks |
| 8:36 | Build | House |
| 8:37 | Build | House |
| 8:52 | Build | Market |
| 8:53 | Research | Tech None |
| 8:53 | Build | Blacksmith |
| 8:54 | Research | Tech None |
| 8:54 | Build | Archery Range |
| 8:55 | Research | Tech None |
| 8:55 | Build | Farm |
| 8:55 | Build | Farm |
| 8:56 | Build | Farm |
| 8:57 | Build | Farm |
| 9:42 | Research | Tech None |
| 10:32 | Build | House |
| 10:33 | Build | House |
| 12:01 | Build | House |
| 12:08 | Build | House |
| 12:09 | Build | House |
| 12:21 | Build | Lumber Camp |
| 12:23 | Research | Tech None |
| 12:27 | Research | Tech None |
| 12:54 | Build | Town Center |
| 13:05 | Build | Town Center |
| 13:15 | Build | Town Center |
| 13:54 | Build | Town Center |
| 14:04 | Research | Tech None |
| 14:18 | Research | Tech None |
| 14:18 | Build | Town Center |
| 14:50 | Build | Town Center |
| 15:04 | Build | Town Center |
| 15:15 | Build | Town Center |
| 15:26 | Build | Town Center |
| 15:34 | Build | Town Center |
| 15:42 | Build | Town Center |
| 15:47 | Build | Lumber Camp |
| 15:47 | Build | House |
| 15:48 | Build | House |
| 16:06 | Build | Town Center |
| 16:07 | Build | Farm |
| 16:07 | Research | Tech None |
| 16:08 | Build | House |
| 16:08 | Build | House |
| 16:10 | Build | Farm |
| 16:17 | Build | Farm |
| 16:25 | Build | House |
| 16:26 | Build | House |
| 16:28 | Build | Farm |
| 16:29 | Build | Farm |
| 16:33 | Build | Farm |
| 16:44 | Build | Farm |
| 16:51 | Build | House |
| 16:57 | Build | Farm |
| 17:03 | Build | Farm |
| 17:11 | Build | House |
| 17:13 | Build | Farm |
| 17:15 | Build | Farm |
| 17:24 | Build | House |
| 17:30 | Build | Farm |
| 17:38 | Build | Farm |
| 17:52 | Build | Farm |
| 17:57 | Build | Farm |
| 18:16 | Build | Farm |
| 18:20 | Build | Farm |
| 18:27 | Build | Farm |
| 18:31 | Research | Tech None |
| 18:33 | Build | House |
| 18:34 | Build | House |
| 18:39 | Build | Farm |
| 18:45 | Build | Farm |
| 18:49 | Build | Farm |
| 18:50 | Build | Farm |
| 18:54 | Build | Farm |
| 19:06 | Build | House |
| 19:18 | Build | Monastery |
| 19:32 | Build | Siege Workshop |
| 19:32 | Build | House |
| 19:33 | Build | House |
| 19:44 | Build | Farm |
| 19:44 | Build | Farm |
| 19:45 | Build | Market |
| 19:51 | Research | Tech None |
| 19:53 | Build | House |
| 19:53 | Build | House |
| 19:55 | Build | Lumber Camp |
| 20:00 | Build | Farm |
| 20:01 | Build | Lumber Camp |
| 20:10 | Build | Lumber Camp |
| 20:10 | Build | House |
| 20:17 | Build | Farm |
| 20:24 | Build | Mining Camp |
| 20:26 | Build | House |
| 20:30 | Build | Farm |
| 20:34 | Build | Farm |
| 20:34 | Build | Farm |
| 20:37 | Build | Mining Camp |
| 20:41 | Build | Mining Camp |
| 20:42 | Build | Farm |
| 20:45 | Build | House |
| 20:50 | Build | Mining Camp |
| 20:56 | Build | Mining Camp |
| 20:57 | Build | Mining Camp |
| 20:59 | Research | Tech None |
| 20:59 | Build | Farm |
| 21:20 | Research | Tech None |
| 21:22 | Research | Tech None |
| 21:22 | Build | Stable |
| 21:25 | Build | House |
| 21:25 | Build | House |
| 21:33 | Build | Stable |
| 21:37 | Build | Barracks |
| 21:46 | Build | Barracks |
| 21:46 | Build | Market |
| 21:54 | Build | House |
| 21:54 | Build | House |
| 22:03 | Build | House |
| 22:14 | Build | Town Center |
| 22:21 | Build | Town Center |
| 22:29 | Build | Town Center |
| 22:31 | Build | Town Center |
| 22:34 | Build | Town Center |
| 22:37 | Build | Town Center |
| 22:40 | Research | Tech None |
| 22:41 | Research | Tech None |
| 22:46 | Build | Town Center |
| 22:49 | Build | Town Center |
| 22:54 | Build | Town Center |
| 23:02 | Build | Town Center |
| 23:05 | Build | Town Center |
| 23:05 | Build | Castle |
| 23:07 | Build | House |
| 23:07 | Build | House |
| 23:08 | Build | House |
| 23:12 | Build | Barracks |
| 23:17 | Build | Barracks |
| 23:23 | Build | Barracks |
Build order —
First 150 of 784 actions detected
| 0:41 | Build | Lumber Camp |
| 1:17 | Build | House |
| 2:00 | Build | Mill |
| 2:01 | Build | Lumber Camp |
| 4:22 | Build | Mining Camp |
| 5:03 | Build | Farm |
| 5:04 | Build | Farm |
| 6:40 | Research | Tech None |
| 6:40 | Build | Barracks |
| 8:52 | Build | Market |
| 8:53 | Research | Tech None |
| 8:53 | Build | Blacksmith |
| 8:54 | Research | Tech None |
| 8:54 | Build | Archery Range |
| 8:54 | Research | Tech None |
| 9:42 | Research | Tech None |
| 12:23 | Research | Tech None |
| 12:23 | Build | Town Center |
| 12:23 | Build | Town Center |
| 12:23 | Build | Lumber Camp |
| 12:24 | Build | Town Center |
| 12:24 | Research | Tech None |
| 12:25 | Research | Tech None |
| 12:25 | Build | Farm |
| 12:48 | Research | Tech None |
| 12:58 | Build | Farm |
| 13:13 | Research | Tech None |
| 13:20 | Build | Farm |
| 13:35 | Build | Farm |
| 13:46 | Build | Farm |
| 14:04 | Build | Farm |
| 14:10 | Build | Farm |
| 14:28 | Build | Farm |
| 14:40 | Build | Farm |
| 14:53 | Build | Farm |
| 15:04 | Build | Farm |
| 15:14 | Build | Farm |
| 15:19 | Build | Farm |
| 15:33 | Build | Farm |
| 15:38 | Build | Farm |
| 15:44 | Build | Farm |
| 15:50 | Build | Farm |
| 16:02 | Build | Farm |
| 16:06 | Build | Farm |
| 16:12 | Build | Farm |
| 16:31 | Research | Tech None |
| 16:31 | Build | Farm |
| 16:46 | Build | Farm |
| 17:07 | Build | Town Center |
| 17:12 | Build | Town Center |
| 17:21 | Build | Farm |
| 17:34 | Build | Farm |
| 17:37 | Build | Farm |
| 17:41 | Build | Farm |
| 17:44 | Build | Lumber Camp |
| 17:50 | Build | Farm |
| 17:51 | Build | House |
| 17:51 | Build | House |
| 18:13 | Build | Farm |
| 18:19 | Build | Farm |
| 18:23 | Build | Monastery |
| 18:48 | Build | Siege Workshop |
| 18:50 | Build | Farm |
| 18:52 | Build | Farm |
| 18:58 | Build | Stable |
| 19:03 | Build | Farm |
| 19:05 | Build | House |
| 19:11 | Create | Monk |
| 19:17 | Build | House |
| 19:19 | Build | Farm |
| 19:28 | Build | Farm |
| 19:29 | Build | Farm |
| 19:29 | Build | Farm |
| 19:31 | Build | Farm |
| 19:34 | Build | House |
| 19:34 | Build | House |
| 19:35 | Build | Farm |
| 19:42 | Build | Farm |
| 19:46 | Build | Farm |
| 19:51 | Build | Farm |
| 19:51 | Build | Farm |
| 19:52 | Build | Farm |
| 19:54 | Research | Tech None |
| 19:54 | Research | Tech None |
| 19:55 | Research | Tech None |
| 19:56 | Build | Mining Camp |
| 20:12 | Research | Tech None |
| 20:26 | Build | House |
| 20:29 | Build | House |
| 20:41 | Build | Barracks |
| 20:44 | Build | University |
| 20:58 | Build | Castle |
| 20:59 | Build | Mining Camp |
| 21:13 | Build | Barracks |
| 21:13 | Build | Market |
| 21:20 | Build | Barracks |
| 21:21 | Build | Krepost |
| 21:26 | Build | Barracks |
| 21:41 | Build | House |
| 21:42 | Build | Krepost |
| 21:43 | Build | House |
| 21:47 | Build | Lumber Camp |
| 21:52 | Build | Lumber Camp |
| 22:00 | Build | Barracks |
| 22:08 | Build | Barracks |
| 22:18 | Research | Tech None |
| 22:22 | Research | Tech None |
| 22:29 | Build | Market |
| 22:29 | Build | Stable |
| 22:43 | Build | Siege Workshop |
| 22:44 | Build | Castle |
| 22:47 | Build | Mining Camp |
| 22:56 | Build | Market |
| 22:58 | Build | Stable |
| 23:04 | Research | Tech None |
| 23:11 | Research | Tech None |
| 23:12 | Research | Tech None |
| 23:12 | Research | Tech None |
| 23:12 | Research | Tech None |
| 23:22 | Build | Stable |
| 23:26 | Build | Market |
| 23:33 | Build | Stable |
| 23:43 | Build | Stable |
| 23:43 | Research | Tech None |
| 23:48 | Build | Stable |
| 23:51 | Research | Tech None |
| 23:55 | Build | Farm |
| 23:55 | Build | Farm |
| 23:56 | Build | Farm |
| 23:57 | Research | Tech None |
| 23:57 | Build | Farm |
| 23:58 | Research | Tech None |
| 23:58 | Research | Tech None |
| 23:59 | Research | Tech None |
| 24:02 | Build | Farm |
| 24:02 | Create | Rattan Archer |
| 24:03 | Create | Rattan Archer |
| 24:06 | Build | Farm |
| 24:06 | Build | Farm |
| 24:07 | Build | Farm |
| 24:11 | Build | Farm |
| 24:13 | Build | Mill |
| 24:15 | Build | Farm |
| 24:19 | Research | Tech None |
| 24:20 | Build | Farm |
| 24:22 | Create | Rattan Archer |
| 24:23 | Research | Tech None |
| 24:28 | Research | Tech None |
| 24:31 | Build | Archery Range |
| 24:33 | Research | Tech None |
Build order —
First 150 of 842 actions detected
| 0:41 | Build | Lumber Camp |
| 0:43 | Build | Lumber Camp |
| 0:44 | Build | Lumber Camp |
| 0:46 | Build | Lumber Camp |
| 0:48 | Build | Lumber Camp |
| 0:49 | Build | Lumber Camp |
| 0:51 | Build | Lumber Camp |
| 0:52 | Build | Lumber Camp |
| 0:54 | Build | Lumber Camp |
| 0:56 | Build | Lumber Camp |
| 0:58 | Build | Lumber Camp |
| 0:59 | Build | Lumber Camp |
| 1:01 | Build | Lumber Camp |
| 1:03 | Build | Lumber Camp |
| 1:05 | Build | Lumber Camp |
| 1:06 | Build | Lumber Camp |
| 1:08 | Build | Lumber Camp |
| 1:10 | Build | Lumber Camp |
| 1:12 | Build | Lumber Camp |
| 1:13 | Build | Lumber Camp |
| 1:15 | Build | Lumber Camp |
| 1:17 | Build | Lumber Camp |
| 1:18 | Build | House |
| 1:19 | Build | Lumber Camp |
| 1:20 | Build | Lumber Camp |
| 1:22 | Build | Lumber Camp |
| 1:24 | Build | Lumber Camp |
| 1:26 | Build | Lumber Camp |
| 1:28 | Build | Lumber Camp |
| 1:29 | Build | Lumber Camp |
| 1:31 | Build | Lumber Camp |
| 1:33 | Build | Lumber Camp |
| 1:34 | Build | Lumber Camp |
| 1:36 | Build | Lumber Camp |
| 1:37 | Build | Lumber Camp |
| 1:40 | Build | Lumber Camp |
| 2:00 | Build | Mill |
| 3:12 | Build | Lumber Camp |
| 4:38 | Build | Farm |
| 4:38 | Build | Farm |
| 5:12 | Build | Mining Camp |
| 6:40 | Research | Tech None |
| 6:40 | Build | Barracks |
| 8:52 | Build | Archery Range |
| 8:53 | Research | Tech None |
| 8:53 | Build | Blacksmith |
| 8:54 | Research | Tech None |
| 8:54 | Research | Tech None |
| 8:56 | Build | Farm |
| 9:13 | Build | Farm |
| 9:42 | Build | Farm |
| 9:46 | Build | Farm |
| 10:15 | Build | Farm |
| 10:33 | Research | Tech None |
| 10:35 | Create | Skirmisher |
| 10:36 | Research | Tech None |
| 10:46 | Build | Farm |
| 11:03 | Create | Skirmisher |
| 11:26 | Create | Skirmisher |
| 11:33 | Build | Lumber Camp |
| 11:49 | Build | Archery Range |
| 11:50 | Create | Skirmisher |
| 12:13 | Create | Skirmisher |
| 12:37 | Create | Skirmisher |
| 12:37 | Research | Tech None |
| 12:55 | Create | Skirmisher |
| 13:00 | Create | Skirmisher |
| 13:13 | Research | Tech None |
| 13:14 | Research | Tech None |
| 13:14 | Build | Town Center |
| 13:51 | Research | Tech None |
| 14:04 | Research | Tech None |
| 14:31 | Build | Market |
| 15:15 | Research | Tech None |
| 15:15 | Create | Skirmisher |
| 15:15 | Build | Town Center |
| 15:17 | Research | Tech None |
| 15:17 | Create | Skirmisher |
| 15:17 | Build | Town Center |
| 15:24 | Build | Town Center |
| 15:32 | Build | Town Center |
| 15:33 | Research | Tech None |
| 15:40 | Build | Town Center |
| 15:49 | Build | Farm |
| 15:57 | Research | Tech None |
| 15:57 | Build | Farm |
| 16:02 | Build | Farm |
| 16:19 | Build | Farm |
| 16:30 | Build | Farm |
| 16:37 | Build | Farm |
| 16:52 | Build | Farm |
| 17:01 | Build | Farm |
| 17:07 | Build | Farm |
| 17:26 | Build | Farm |
| 17:31 | Build | Farm |
| 17:48 | Build | Farm |
| 17:53 | Research | Tech None |
| 18:09 | Build | Farm |
| 18:14 | Build | Farm |
| 18:17 | Build | Farm |
| 18:18 | Build | Farm |
| 18:19 | Build | House |
| 18:32 | Build | House |
| 18:33 | Build | House |
| 18:38 | Build | Farm |
| 18:46 | Build | Farm |
| 18:54 | Build | Farm |
| 19:30 | Build | Town Center |
| 19:35 | Build | Farm |
| 19:40 | Build | Farm |
| 20:00 | Build | House |
| 20:00 | Build | House |
| 20:07 | Build | Farm |
| 20:08 | Build | Farm |
| 20:15 | Build | Farm |
| 20:22 | Build | Farm |
| 20:25 | Build | Farm |
| 20:29 | Create | Skirmisher |
| 20:39 | Create | Skirmisher |
| 20:40 | Create | Skirmisher |
| 20:51 | Build | Farm |
| 20:56 | Build | Farm |
| 20:58 | Build | Farm |
| 21:05 | Build | Farm |
| 21:06 | Build | Lumber Camp |
| 21:17 | Build | Farm |
| 21:24 | Build | House |
| 21:27 | Build | House |
| 21:34 | Build | Farm |
| 21:38 | Build | Farm |
| 21:41 | Build | House |
| 21:44 | Build | Farm |
| 21:52 | Build | Farm |
| 21:55 | Create | Skirmisher |
| 21:57 | Build | Farm |
| 21:58 | Build | Farm |
| 22:03 | Build | Farm |
| 22:10 | Build | Farm |
| 22:24 | Build | House |
| 22:24 | Build | House |
| 22:25 | Build | House |
| 22:30 | Build | Mill |
| 22:32 | Build | Farm |
| 22:33 | Build | Farm |
| 22:38 | Build | Farm |
| 22:42 | Create | Skirmisher |
| 22:43 | Build | Farm |
| 22:46 | Build | Farm |
| 22:48 | Build | Farm |
| 22:49 | Build | Farm |
Build order —
First 150 of 655 actions detected
| 0:41 | Build | Lumber Camp |
| 1:17 | Build | House |
| 2:05 | Build | Mill |
| 2:06 | Build | Lumber Camp |
| 2:47 | Build | Farm |
| 2:48 | Build | Farm |
| 3:17 | Build | Farm |
| 4:50 | Build | Mining Camp |
| 6:19 | Build | Farm |
| 6:19 | Build | Farm |
| 6:20 | Build | Farm |
| 6:21 | Build | Farm |
| 6:22 | Build | Farm |
| 6:58 | Research | Tech None |
| 7:34 | Build | Barracks |
| 9:10 | Build | Archery Range |
| 9:11 | Research | Tech None |
| 9:11 | Build | Blacksmith |
| 9:12 | Research | Tech None |
| 9:13 | Research | Tech None |
| 9:26 | Build | Farm |
| 10:00 | Research | Tech None |
| 10:12 | Build | Market |
| 10:51 | Build | Barracks |
| 11:15 | Build | Mill |
| 12:25 | Build | Stable |
| 12:25 | Build | Stable |
| 12:40 | Research | Tech None |
| 12:50 | Build | Town Center |
| 13:16 | Create | Scout Cavalry |
| 13:16 | Create | Scout Cavalry |
| 13:37 | Build | Town Center |
| 13:55 | Build | Town Center |
| 13:56 | Research | Tech None |
| 13:57 | Research | Tech None |
| 14:13 | Research | Tech None |
| 14:15 | Research | Tech None |
| 14:21 | Build | Farm |
| 14:46 | Build | Farm |
| 14:46 | Build | Farm |
| 15:00 | Build | Monastery |
| 15:12 | Build | Farm |
| 15:33 | Build | Farm |
| 15:35 | Build | Farm |
| 15:36 | Build | Farm |
| 15:55 | Create | Monk |
| 15:57 | Build | Farm |
| 15:59 | Build | Farm |
| 16:15 | Build | Farm |
| 16:18 | Build | Farm |
| 16:27 | Build | Farm |
| 16:33 | Build | Farm |
| 16:44 | Build | Farm |
| 16:57 | Build | Farm |
| 17:02 | Build | Farm |
| 17:05 | Build | Farm |
| 17:10 | Research | Tech None |
| 17:33 | Build | Siege Workshop |
| 17:40 | Build | Lumber Camp |
| 17:41 | Build | Lumber Camp |
| 17:41 | Build | Farm |
| 17:42 | Build | Farm |
| 17:53 | Research | Tech None |
| 17:55 | Build | Farm |
| 18:00 | Build | Farm |
| 18:07 | Build | Farm |
| 18:08 | Create | Scout Cavalry |
| 18:09 | Create | Scout Cavalry |
| 18:09 | Research | Tech None |
| 18:09 | Build | Farm |
| 18:12 | Build | Farm |
| 18:15 | Research | Tech None |
| 18:44 | Build | Town Center |
| 18:46 | Build | Farm |
| 18:50 | Build | Farm |
| 18:52 | Build | Farm |
| 18:54 | Build | Farm |
| 18:56 | Research | Tech None |
| 18:56 | Research | Tech None |
| 18:56 | Research | Tech None |
| 18:58 | Research | Tech None |
| 19:09 | Create | Scout Cavalry |
| 19:09 | Research | Tech None |
| 19:41 | Build | Farm |
| 20:13 | Build | Farm |
| 20:18 | Build | Farm |
| 20:24 | Create | Scout Cavalry |
| 20:32 | Build | Farm |
| 20:32 | Build | Farm |
| 20:32 | Build | Castle |
| 20:44 | Build | Stable |
| 20:48 | Research | Tech None |
| 20:48 | Build | Farm |
| 20:48 | Build | Krepost |
| 20:51 | Research | Tech None |
| 20:56 | Build | Farm |
| 21:04 | Build | Lumber Camp |
| 21:15 | Create | Scout Cavalry |
| 21:19 | Build | Farm |
| 21:22 | Build | Farm |
| 21:26 | Create | Scout Cavalry |
| 21:26 | Create | Scout Cavalry |
| 21:27 | Create | Scout Cavalry |
| 21:32 | Build | Farm |
| 21:36 | Build | Krepost |
| 21:41 | Build | Farm |
| 21:46 | Build | Farm |
| 21:50 | Research | Tech None |
| 21:51 | Build | Farm |
| 21:52 | Create | Scout Cavalry |
| 21:55 | Research | Tech None |
| 22:01 | Build | Farm |
| 22:04 | Create | Scout Cavalry |
| 22:06 | Research | Tech None |
| 22:07 | Research | Tech None |
| 22:10 | Research | Tech None |
| 22:12 | Build | Farm |
| 22:18 | Build | Farm |
| 22:21 | Build | Farm |
| 22:30 | Build | Farm |
| 22:34 | Build | Farm |
| 22:36 | Build | Farm |
| 22:43 | Create | Scout Cavalry |
| 22:44 | Create | Scout Cavalry |
| 22:48 | Build | Mining Camp |
| 22:52 | Create | Scout Cavalry |
| 22:55 | Build | Stable |
| 23:00 | Create | Obuch |
| 23:00 | Create | Obuch |
| 23:08 | Research | Tech None |
| 23:11 | Research | Tech None |
| 23:12 | Research | Tech None |
| 23:12 | Research | Tech None |
| 23:12 | Create | Scout Cavalry |
| 23:13 | Research | Tech None |
| 23:13 | Research | Tech None |
| 23:19 | Create | Battering Ram |
| 23:19 | Build | Barracks |
| 23:20 | Research | Tech None |
| 23:23 | Create | Obuch |
| 23:24 | Research | Tech None |
| 23:31 | Build | Stable |
| 23:31 | Build | Market |
| 23:33 | Research | Tech None |
| 23:36 | Build | Stable |
| 23:38 | Create | Scout Cavalry |
| 23:38 | Create | Scout Cavalry |
| 23:41 | Research | Tech None |
| 23:42 | Build | Barracks |
| 23:56 | Build | Castle |
Build order —
First 150 of 744 actions detected
| 0:41 | Build | Lumber Camp |
| 1:17 | Build | House |
| 2:05 | Build | Mill |
| 2:06 | Build | Lumber Camp |
| 4:31 | Build | Mining Camp |
| 4:39 | Build | Farm |
| 4:40 | Build | Farm |
| 6:40 | Research | Tech None |
| 6:40 | Build | Barracks |
| 8:31 | Build | Farm |
| 8:52 | Build | Archery Range |
| 8:53 | Research | Tech None |
| 8:53 | Build | Blacksmith |
| 8:53 | Research | Tech None |
| 8:54 | Research | Tech None |
| 8:55 | Build | Farm |
| 8:59 | Build | Farm |
| 9:21 | Build | Farm |
| 9:42 | Research | Tech None |
| 9:52 | Build | Farm |
| 10:10 | Build | Farm |
| 10:41 | Build | Market |
| 11:41 | Build | Farm |
| 12:10 | Build | Farm |
| 12:23 | Research | Tech None |
| 12:23 | Research | Tech None |
| 12:23 | Build | Town Center |
| 13:31 | Build | Town Center |
| 13:34 | Research | Tech None |
| 13:54 | Research | Tech None |
| 13:54 | Build | Town Center |
| 13:55 | Research | Tech None |
| 14:02 | Build | Farm |
| 14:08 | Build | Farm |
| 14:24 | Build | Farm |
| 14:32 | Build | Farm |
| 14:52 | Build | Farm |
| 15:12 | Build | Farm |
| 15:13 | Research | Tech None |
| 15:21 | Build | Farm |
| 15:30 | Build | Farm |
| 15:41 | Build | Farm |
| 15:45 | Build | Farm |
| 15:59 | Build | Farm |
| 16:08 | Build | Farm |
| 16:11 | Build | Farm |
| 16:24 | Build | Farm |
| 16:32 | Research | Tech None |
| 16:33 | Build | Lumber Camp |
| 16:39 | Build | Farm |
| 16:57 | Build | Lumber Camp |
| 16:58 | Build | Farm |
| 17:12 | Build | Farm |
| 17:17 | Build | Farm |
| 17:24 | Build | Farm |
| 17:54 | Build | Town Center |
| 17:59 | Build | Siege Workshop |
| 18:00 | Build | Farm |
| 18:05 | Build | Lumber Camp |
| 18:16 | Build | House |
| 18:16 | Build | House |
| 18:17 | Build | House |
| 18:17 | Build | House |
| 18:21 | Build | Lumber Camp |
| 18:23 | Build | Farm |
| 18:31 | Build | Farm |
| 18:48 | Build | Town Center |
| 19:00 | Create | Mangonel |
| 19:00 | Build | Town Center |
| 19:12 | Build | Town Center |
| 19:34 | Build | Town Center |
| 19:36 | Build | Town Center |
| 19:37 | Build | Farm |
| 19:38 | Build | House |
| 19:38 | Build | House |
| 19:44 | Build | Farm |
| 19:52 | Build | Farm |
| 19:54 | Build | Farm |
| 20:00 | Build | Farm |
| 20:04 | Build | Farm |
| 20:06 | Build | Farm |
| 20:09 | Build | House |
| 20:10 | Build | Farm |
| 20:11 | Build | Farm |
| 20:12 | Build | House |
| 20:28 | Build | Farm |
| 20:33 | Build | Farm |
| 20:36 | Build | Farm |
| 20:37 | Build | Farm |
| 20:40 | Build | Farm |
| 20:40 | Build | Farm |
| 20:41 | Build | Farm |
| 20:44 | Build | Farm |
| 20:53 | Create | Mangonel |
| 20:53 | Build | Monastery |
| 21:04 | Build | Farm |
| 21:08 | Build | Farm |
| 21:24 | Build | Farm |
| 21:27 | Build | Farm |
| 21:30 | Build | Mill |
| 21:32 | Build | Farm |
| 21:34 | Build | House |
| 21:35 | Build | House |
| 21:41 | Create | Mangonel |
| 21:41 | Build | Mill |
| 21:50 | Build | Farm |
| 21:53 | Build | Farm |
| 21:59 | Build | Mill |
| 21:59 | Build | Farm |
| 22:04 | Build | Farm |
| 22:13 | Build | Farm |
| 22:18 | Build | Farm |
| 22:21 | Build | Mill |
| 22:24 | Build | Farm |
| 22:25 | Build | House |
| 22:25 | Build | House |
| 22:31 | Build | Farm |
| 22:36 | Build | Farm |
| 22:42 | Build | Farm |
| 22:48 | Build | Farm |
| 22:54 | Build | Lumber Camp |
| 22:55 | Build | Mill |
| 23:01 | Build | Mining Camp |
| 23:04 | Build | Farm |
| 23:07 | Build | Farm |
| 23:13 | Build | Farm |
| 23:14 | Build | House |
| 23:15 | Build | Mill |
| 23:15 | Build | Mill |
| 23:15 | Build | House |
| 23:16 | Build | House |
| 23:18 | Create | Mangonel |
| 23:18 | Create | Mangonel |
| 23:29 | Build | Farm |
| 23:29 | Build | Farm |
| 23:38 | Build | Farm |
| 24:01 | Build | Monastery |
| 24:03 | Build | Farm |
| 24:03 | Build | Farm |
| 24:08 | Build | Monastery |
| 24:14 | Build | Farm |
| 24:17 | Create | Skirmisher |
| 24:17 | Create | Skirmisher |
| 24:17 | Create | Skirmisher |
| 24:18 | Research | Tech None |
| 24:19 | Build | Stable |
| 24:28 | Build | Farm |
| 24:28 | Build | Farm |
| 24:29 | Build | Farm |
| 24:34 | Build | Farm |
Match timeline
| 5:00 | 一枚小渣渣 · age_up feudal |
| 5:25 | 大UU · age_up feudal |
| 5:32 | · first_building Barracks |
| 6:40 | · first_building Barracks |
| 6:40 | · first_building Barracks |
| 6:40 | · first_building Barracks |
| 6:40 | · first_building Barracks |
| 7:34 | · first_building Barracks |
| 8:52 | · first_building Archery Range |
| 8:52 | · first_building Archery Range |
| 8:54 | · first_building Archery Range |
| 8:54 | · first_building Archery Range |
| 8:54 | · first_building Archery Range |
| 9:10 | · first_building Archery Range |
| 10:14 | · first_market_sell 100 food |
| 10:29 | · first_market_sell 100 food |
| 10:51 | 大UU · age_up castle |
| 10:53 | · first_market_sell 100 food |
| 11:34 | · first_market_sell 100 food |
| 11:48 | 一枚小渣渣 · age_up castle |
| 11:51 | · first_market_sell 100 food |
| 11:55 | 一枚小渣渣 · first_building Castle |
| 12:10 | 大UU · first_building Monastery |
| 12:25 | · first_building Stable |
| 13:17 | 大UU · first_market_buy 500 food |
| 14:17 | 一枚小渣渣 · first_building Barracks |
| 15:00 | · first_building Monastery |
| 15:32 | · first_market_sell 100 food |
| 15:33 | 一枚小渣渣 · first_building Archery Range |
| 16:05 | · first_market_buy 100 food |
| 16:20 | 大UU · first_building Siege Workshop |
| 16:38 | 一枚小渣渣 · first_building Siege Workshop |
| 17:03 | · first_market_buy 100 food |
| 17:14 | 大UU · age_up imperial |
| 17:33 | · first_building Siege Workshop |
| 17:40 | · first_market_buy 100 food |
| 17:44 | · first_market_buy 100 wood |
| 17:53 | 大UU · first_building Castle |
| 17:59 | · first_building Siege Workshop |
| 18:18 | 大UU · first_building Barracks |
| 18:21 | · first_market_buy 100 wood |
| 18:23 | · first_building Monastery |
| 18:36 | 一枚小渣渣 · age_up imperial |
| 18:48 | · first_building Siege Workshop |
| 18:58 | · first_building Stable |
| 19:18 | · first_building Monastery |
| 19:32 | · first_building Siege Workshop |
| 19:51 | 大UU · tribute_sent a jugador 2 |
| 19:51 | 大UU · tribute_sent a jugador 3 |
| 19:51 | 大UU · tribute_sent a jugador 4 |
| 19:51 | 大UU · tribute_sent a jugador 5 |
| 19:51 | 大UU · tribute_sent a jugador 6 |
| 19:51 | 大UU · tribute_sent a jugador 7 |
| 19:51 | 大UU · tribute_sent a jugador 8 |
| 20:08 | · first_building Monastery |
| 20:32 | · first_building Castle |
| 20:45 | 大UU · wall_segment Stone Wall x11 |
| 20:48 | · first_building Krepost |
| 20:49 | 大UU · wall_segment Stone Wall x6 |
| 20:51 | 大UU · wall_segment Stone Wall x8 |
| 20:53 | · first_building Monastery |
| 20:58 | · first_building Castle |
| 20:59 | 大UU · wall_segment Stone Wall x5 |
| 21:05 | · first_market_buy 100 wood |
| 21:06 | 大UU · wall_segment Stone Wall x14 |
| 21:21 | · first_building Krepost |
| 21:22 | · first_building Stable |
| 22:51 | · first_building Siege Workshop |
| 23:05 | · first_building Castle |
| 23:30 | · first_building Stable |
| 23:47 | · first_building Monastery |
| 23:57 | 大UU · wall_segment Stone Wall x5 |
| 24:00 | · first_building Siege Workshop |
| 24:02 | 大UU · wall_segment Stone Wall x17 |
| 24:07 | 大UU · wall_segment Stone Wall x5 |
| 24:11 | 大UU · wall_segment Stone Wall x5 |
| 24:15 | 大UU · wall_segment Stone Wall x7 |
| 24:19 | · first_building Stable |
| 24:26 | 大UU · wall_segment Stone Wall x7 |
| 24:29 | 大UU · wall_segment Stone Wall x6 |
| 24:36 | · first_building Stable |
| 24:46 | · first_building Castle |
| 26:25 | · first_building Castle |
| 26:47 | · first_building Krepost |
| 27:48 | · first_building Castle |
| 28:11 | 大UU · wall_segment Stone Wall x1 |
| 30:36 | 大UU · wall_segment Stone Wall x7 |
| 30:44 | 大UU · wall_segment Stone Wall x13 |
| 35:14 | · first_building Krepost |
| 45:33 | 大UU · first_market_sell 500 wood |
| 48:33 | · resign |
[ AI ANALYSIS · 1 CREDIT ]
What really happened in this match?
Wolo.gg analyzes every decision: build order, eco, micro, common mistakes by bracket. Personalized analysis on WhatsApp or Discord in 30 seconds.
Civ guide
Bohemians
Perfil
Jugador #23895183